 Dungeon Sprint DCSS version 0.30.1 (webtiles) character file.

Game seed: 5496204000106749002

1233 boopmooplesden the Fighter (level 8, -8/67 (75) HPs)
             Began as a Demonspawn Berserker on July 10, 2023.
             Was a Priest of Trog.
             Mangled by a +2 morningstar of draining (14 damage)
             ... in the Dungeon (Sprint V: "Ziggurat Sprint").
             The game lasted 00:01:30 (434 turns).

boopmooplesden the Fighter (Demonspawn Berserker)    Turns: 434, Time: 00:01:30

HP:   -8/67 (75)    AC: 25    Str: 25    XL:     8   Next: 24%
MP:   8/8           EV:  5    Int: 10    God:    Trog [***...]
Gold: 0             SH: 12    Dex: 18    Spells: 7/7 levels left

rFire   + . .        C - +11 Singing Sword {sonic wave}
rCold   + . .        D - +3 kite shield
rNeg    . . .        i - +5 gold dragon scales
rPois   +            (helmet restricted)
rElec   .            F - +1 cloak {Will+}
rCorr   .            (no gloves)
SInv    .            G - +1 pair of boots {Fly}
Will    +....        (no amulet)
Stlth   x              - +6 ring of strength
HPRegen 0.31/turn    t - +6 ring of dexterity
MPRegen 0.11/turn

%: no teleportation
@: on berserk cooldown, flying, heavily drained
A: antennae 2, claws 1, ignite blood 3
a: Renounce Religion, Berserk, Trog's Hand


You were in the Dungeon.
You worshipped Trog.
Trog was most pleased with you.
You visited 1 branch

Inventory:

Hand Weapons
 a - a +0 falchion
 C - the +11 Singing Sword (weapon) {sonic wave}
   (You found it in the Dungeon)
 E - the +7 lajatang of Order {silver, rMut}
   (You found it in the Dungeon)

   rMut:      It protects you from mutation.
Armour
 b - a +0 animal skin
 i - +5 gold dragon scales (worn)
 A - the +15 Maxwell's patent armour {-Cast -Tele rElec Will+ rCorr}
   (You found it in the Dungeon)

   rElec:     It insulates you from electricity.
   -Cast:     It prevents spellcasting.
   -Tele:     It prevents most forms of teleportation.
   rCorr:     It protects you from acid and corrosion.
   Will:      It increases your willpower.
 B - the +18 shield of the Gong {Loud rN+ Will+ rCorr EV-5}
   (You found it in the Dungeon)

   Loud:      It is deafeningly noisy when blocking attacks.
   EV:        It affects your evasion (-5).
   rN:        It protects you from negative energy.
   rCorr:     It protects you from acid and corrosion.
   Will:      It increases your willpower.
 D - a +3 kite shield (worn)
 F - a +1 cloak of willpower (worn)
 G - a +1 pair of boots of flying (worn)
Jewellery
 s - a ring of flight
 t - a +6 ring of dexterity (right claw)
 u - a +6 ring of dexterity
 v - a +6 ring of intelligence
 w - a +6 ring of intelligence
 x - a +6 ring of strength (left claw)
 y - a +6 ring of strength
 H - the ring "Cexomoc" {rPois rCorr}
   (You found it in the Dungeon)

   [ring of resist corrosion]

   rPois:     It protects you from poison.
   rCorr:     It protects you from acid and corrosion.
Wands
 q - a wand of mindburst (7)
 r - a wand of quicksilver (7)
 z - a wand of polymorph (8)
Scrolls
 h - 4 scrolls of blinking
 n - 7 scrolls of fog
 o - 5 scrolls of identify
 p - 2 scrolls of fear
Potions
 c - 10 potions of curing
 d - 10 potions of heal wounds
 e - 6 potions of haste
 f - 7 potions of magic
 g - 3 potions of berserk rage
 j - 2 potions of invisibility
 k - 4 potions of resistance
 l - a potion of experience
 m - 5 potions of might


   Skills:
 + Level 11.3 Fighting
 + Level 10.7 Long Blades
 + Level 6.7 Armour
 + Level 5.2 Dodging
 + Level 2.6 Shields


You had 7 spell levels left.
You didn't know any spells.
Your spell library was empty.

Dungeon Overview and Level Annotations

Branches:
Dungeon (1/1)

Altars:
Ashenzari
Cheibriados
Dithmenos
Fedhas
Gozag
Hepliaklqana
Kikubaaqudgha
Makhleb
Nemelex Xobeh
Okawaru
Qazlal
Ru
Sif Muna
Trog
Uskayaw
Vehumet
Wu Jian
Xom
Yredelemnul
Jiyva
Lugonu

Annotations:
D 1 transporter


Innate Abilities, Weirdness & Mutations

You have a pair of antennae on your head.
You have sharp fingernails.
Your demonic aura causes all spilled blood to erupt in flames.


Message History

Welcome to arena 3.
You enter the transporter and appear at another place.
A fire elemental, a deep elf zephyrmancer, an earth elemental and a +2 morningstar of draining come into view.
The deep elf zephyrmancer is wielding a +1 long sword of holy wrath.
The deep elf zephyrmancer shouts!
Found four items.
Found a transporter.
You're still recovering from your berserk rage.
The +2 morningstar of draining hits you but does no damage.
You feel drained.
You miss the +2 morningstar of draining.
You block the +2 morningstar of draining's attack.
The +2 morningstar of draining hits you.
You feel drained. You block the fire elemental's attack.
You're still recovering from your berserk rage.
You hit the deep elf zephyrmancer.
The Screaming Sword booms, "I AM PAIN SEEKING EXPRESSION!"
You send a blast of sound all around you.
The fire elemental is heavily damaged.
The deep elf zephyrmancer is severely wounded.
The earth elemental is heavily damaged.
The +2 morningstar of draining is almost destroyed.
The deep elf zephyrmancer is severely wounded.
The +2 morningstar of draining hits you!
You feel drained.
The deep elf zephyrmancer is engulfed in blazing flames.
The deep elf zephyrmancer casts a spell at you.
The bolt of lightning hits you!! The fire elemental hits you.
The fire elemental burns you! You resist.
You slice the deep elf zephyrmancer!!
You kill the deep elf zephyrmancer!
Trog accepts your kill.
Trog appreciates your killing of a magic user.
The +2 morningstar of draining hits you!
* * * LOW HITPOINT WARNING * * *
You feel drained.
* * * LOW HITPOINT WARNING * * *
The fire elemental hits you. The fire elemental burns you! You resist.
* * * LOW HITPOINT WARNING * * *
The +2 morningstar of draining hits you!
You die...

▓▓▓▓▓▓▓▓▓▓▓▓▓▓▓▓▓▓▓
▓.8©8.▓.8©8.▓.8©8.▓
▓.:[[.▓.....▓.....▓
▓..:..▓.....▓...:.▓
▓..E..▓.....▓.....▓
▓.E(§.▓.....▓...).▓
▓.§@..▓.....▓..©..▓
▓..§..▓..©..▓▓▓▓▓▓▓
▓▓▓▓▓▓▓▓▓▓▓▓▓ {{{ {


You could see an earth elemental, a fire elemental and a +2 morningstar of
draining.

Vanquished Creatures
  A deep elf zephyrmancer (D)
  3 toenail golems (D)
  A spriggan (D)
  A wolf (D)
6 creatures vanquished.

Notes
Turn   | Place    | Note
-------+----------+-------------------------------------------
     0 | D        | boopmooplesden the Demonspawn Berserker began the quest for
                  | the Orb.
     0 | D        | Reached XP level 1. HP: 18/18 MP: 1/1
    13 | D        | Found a blossoming altar of Fedhas.
    13 | D        | Found the +6 Majin-Bo {spellvamp, MP+6 Int+6}
    13 | D        | Found the +27 heavy crossbow "Sniper" {heavy, Acc+∞ SInv}
    13 | D        | Found the +10 dark maul {heavy}
    13 | D        | Found the +15 Maxwell's patent armour {-Cast -Tele rElec
                  | Will+ rCorr}
    13 | D        | Found the +18 shield of the Gong {Loud rN+ Will+ rCorr
                  | EV-5}
    13 | D        | Found the +16 obsidian axe {drain, demonic, Mesm Drain Fly
                  | SInv}
    13 | D        | Found the +7 great mace "Firestarter" {flame, immolate,
                  | rFlCloud rF++}
    13 | D        | Found the +6 shillelagh "Devastator" {shatter}
    13 | D        | Found the +11 plutonium sword {Contam Stlth-}
    13 | D        | Found the +8 lance "Wyrmbane" {slay drac, rPois rF+ rC+
                  | AC+3}
    13 | D        | Found the +9 sword of Zonguldrok {reap}
    13 | D        | Found the +13 scythe of Curses {drain, curses, Drain}
    13 | D        | Found the +9 sword of Power {lifebolt}
    13 | D        | Found the +7 mace of Variability {chaos, chaos arc}
    13 | D        | Found the +11 Singing Sword {sonic wave}
    13 | D        | Found the +8 storm bow {elec, penet}
    16 | D        | Found a shimmering blue altar of Sif Muna.
    16 | D        | Found a sacrificial altar of Ru.
    16 | D        | Found a bloodstained altar of Trog.
    16 | D        | Found a stormy altar of Qazlal.
    16 | D        | Found an iron altar of Okawaru.
    16 | D        | Found a sparkling altar of Nemelex Xobeh.
    18 | D        | Found a transporter.
    18 | D        | Found an ancient bone altar of Kikubaaqudgha.
    18 | D        | Found a viscous altar of Jiyva.
    18 | D        | Found a corrupted altar of Lugonu.
    18 | D        | Found a hazy altar of Hepliaklqana.
    18 | D        | Found a burning altar of Makhleb.
    18 | D        | Found an opulent altar of Gozag.
    67 | D        | Entered arena 2.
    67 | D        | Found the +7 lajatang of Order {silver, rMut}
    67 | D        | Noticed a wolf
    67 | D        | Noticed a spriggan
    67 | D        | Found a transporter.
    69 | D        | Killed a spriggan
    70 | D        | Reached skill level 7 in Fighting
    70 | D        | Discovered your monstrous ancestry.
    70 | D        | Gained mutation: You have sharp fingernails. [demonic
                  | ancestry]
    70 | D        | Reached XP level 2. HP: 13/31 MP: 2/2
    70 | D        | Gained mutation: You have a pair of small antennae on your
                  | head. [demonic ancestry]
    70 | D        | Reached XP level 3. HP: 15/36 MP: 3/3
    70 | D        | Gained mutation: Your demonic aura sometimes causes spilled
                  | blood to erupt in flames. [demonic ancestry]
    70 | D        | Reached XP level 4. HP: 18/43 MP: 4/4
    70 | D        | Gained mutation: Your demonic aura often causes spilled
                  | blood to erupt in flames. [demonic ancestry]
    70 | D        | Reached XP level 5. HP: 20/48 MP: 5/5
    72 | D        | Killed a wolf
    73 | D        | Reached skill level 8 in Fighting
   385 | D        | Entered arena 3.
   385 | D        | Noticed a toenail golem
   385 | D        | Noticed a toenail golem
   385 | D        | Noticed a toenail golem
   385 | D        | Found a transporter.
   392 | D        | Killed a toenail golem
   392 | D        | Reached ** piety under Trog
   393 | D        | Reached skill level 9 in Fighting
   393 | D        | Reached skill level 5 in Armour
   393 | D        | Reached skill level 1 in Shields
   393 | D        | Reached XP level 6. HP: 60/60 MP: 6/6
   393 | D        | Gained mutation: Your demonic aura causes all spilled blood
                  | to erupt in flames. [demonic ancestry]
   393 | D        | Reached XP level 7. HP: 65/65 MP: 7/7
   395 | D        | Killed a toenail golem
   396 | D        | Reached skill level 10 in Fighting
   396 | D        | Reached skill level 10 in Long Blades
   396 | D        | Reached skill level 5 in Dodging
   399 | D        | Killed a toenail golem
   400 | D        | Reached skill level 11 in Fighting
   400 | D        | Gained mutation: You have a pair of antennae on your head.
                  | [demonic ancestry]
   400 | D        | Reached XP level 8. HP: 72/75 MP: 8/8
   407 | D        | Got the ring "Cexomoc" {rPois rCorr}
   430 | D        | Entered arena 4.
   430 | D        | Noticed a deep elf zephyrmancer
   430 | D        | Noticed a +2 morningstar of draining
   430 | D        | Found a transporter.
   434 | D        | Killed a deep elf zephyrmancer
   434 | D        | Reached *** piety under Trog
   434 | D        | Mangled by a +2 morningstar of draining

Illustrated notes

Levels and vault maps discovered:
D:        sprint_v [room_start, room_1, room_2, room_3, room_4, room_5, room_6,
          room_7, room_8, room_9, room_10, room_11, room_12, room_13, room_14,
          room_15, room_16, room_17, room_18, room_19, room_20, room_21,
          room_22, room_23, room_24, room_25, room_26, room_27]

Skill      XL: |  1  2  3  4  5  6  7 |
---------------+----------------------+-----
Fighting       | 7 9 11 | 11.3
Long Blades    | 6 9 10 | 10.7
Armour         | 3 5 6 |  6.7
Dodging        | 3 4 5 |  5.2
Shields        | 1 2 |  2.6

Action                     |  1- 3 |  4- 6 |  7- 9 || total
---------------------------+-------+-------+-------++-------
  Melee: Double sword      |     1 |     7 |    10 ||    18
 Invoke: Berserk           |       |     1 |       ||     1
 Armour: Gold dragon scale |       |     5 |     7 ||    12
  Dodge: Dodged            |       |       |     1 ||     1
  Block: Kite shield       |     4 |     7 |     4 ||    15
